cohdb
Replays
Latest Replays
All Replays
Popular Replays
Top Player Replays
Match Explorer
How It Works
Community
CoH3 Stats
Reddit
Sign in to upload your games and track your stats! →
Sign in with Steam
Match 42753696
Unlisted
Match 42753696
Overview
Messages
Build Orders
End
Construct Section Command Post
Selects Heavy Armor Battlegroup
Infantry Section
Infantry Section
Infantry Section
Infantry Section
Selects Rigorous Vehicle Training
ML 3-inch Mortar Team
Selects Forward Repair Assembly
Selects UNKNOWN (2162094)
Construct Platoon Command Post
ML 3-inch Mortar Team
Selects Light Vehicle Withdraw and Refit
Selects UNKNOWN (202330)
Construct Company Command Post
ML 3-inch Mortar Team
Churchill IV Heavy Tank
Selects Recon Artillery
Recon Artillery
Foot Guards Section
Churchill IV Heavy Tank
Recon Artillery
Royal Engineer Section
Arch3r
MAPE
SharkLuv3r
gUi
(◕‿◕)
chovopan
Wesker007
坐牢大行动
0
0
Comments
sign in to comment!
No comments posted yet!